 Dungeon Crawl Stone Soup version 0.26-a0-20-g5f92b90fa0 (webtiles) character file.

Game seed: 14151698641391162267, levelgen mode: deterministic

34591 kae the Severer (level 13, -9/122 HPs)
             Began as a Hill Orc Fighter on May 25, 2020.
             Was a Believer of Qazlal.
             Mangled by a blink frog (13 damage)
             ... on level 6 of the Lair of Beasts.
             The game lasted 00:11:08 (19650 turns).

kae the Severer (Hill Orc Fighter)                 Turns: 19650, Time: 00:11:09

Health: -9/122     AC: 16    Str: 38    XL:     13   Next: 78%
Magic:  24/24      EV: 10    Int:  8    God:    Qazlal [**....]
Gold:   843        SH:  3    Dex: 12    Spells: 12/12 levels left

rFire    . . .     SeeInvis .   t - +5 battleaxe (flame)
rCold    . . .     Gourm    .   (shield currently unavailable)
rNeg     . . .     Faith    .   A - +7 ring mail of Ymimaq {-Tele +Fly rPois Str+2}
rPois    +         Spirit   .   E - +0 hat {MR+}
rElec    .         Reflect  .   B - +0 cloak
rCorr    .         Harm     .   r - +1 pair of gloves
MR       +....     NoTele   +   (no boots)
Stlth    +.........             (no amulet)
HPRegen  0.30/turn              o - +6 ring of strength
MPRegen  0.19/turn              K - +6 ring of strength

@: no status effects
A: claws 1, agile 1, MP-powered wands
a: Upheaval, Renounce Religion, Evoke Flight


You were on level 6 of the Lair of Beasts.
You worshipped Qazlal.
Qazlal was pleased with you.
You were very hungry.

You visited 3 branches of the dungeon, and saw 19 of its levels.
You also visited: Volcano.

You collected 1178 gold pieces.
You spent 335 gold pieces at shops.

Inventory:

Hand Weapons
 a - a +0 war axe
 q - a +0 war axe of freezing
 t - a +5 battleaxe of flaming (weapon)
 M - a +0 executioner's axe
Armour
 b - a +0 scale mail
 c - a +0 kite shield
 r - a +1 pair of gloves (worn)
 A - the +7 ring mail of Ymimaq (worn) {-Tele +Fly rPois Str+2}
   (You found it on level 8 of the Dungeon)

   It affects your strength (+2).
   It protects you from poison.
   It lets you fly.
   It prevents most forms of teleportation.
 B - a +0 cloak (worn)
 E - a +0 hat of magic resistance (worn)
Jewellery
 o - a +6 ring of strength (left hand)
 K - a +6 ring of strength (right hand)
 O - an uncursed ring of poison resistance
Wands
 j - a wand of polymorph (35)
 k - a wand of flame (4)
 v - a wand of paralysis (18)
 G - a wand of clouds (6)
 H - a wand of digging (5)
Scrolls
 e - 2 scrolls of enchant armour
 h - 4 scrolls of amnesia
 i - 11 scrolls of teleportation
 l - 6 scrolls of remove curse
 s - 3 scrolls of blinking
 w - 7 scrolls of identify
 y - a scroll of magic mapping
 F - 2 scrolls of summoning
 I - 3 scrolls of enchant weapon
 J - a scroll of fog
Potions
 d - 4 potions of might
 g - 5 potions of flight
 m - 4 potions of mutation
 n - 2 potions of ambrosia
 p - 3 potions of stabbing
 u - 5 potions of brilliance
 x - a potion of haste
 z - 4 potions of curing
 C - 4 potions of heal wounds
 D - a potion of magic
 L - a potion of cancellation
Comestibles
 f - 36 rations


   Skills:
 - Level 13.0 Fighting
 - Level 20.0 Axes
 - Level 3.2 Armour
 - Level 3.2 Shields
 + Level 15.0 Invocations


You had 12 spell levels left.
You didn't know any spells.
Your spell library contained the following spells:

 Spells                   Type           Power        Failure   Level  Hunger
 Animate Skeleton         Necr           N/A          50%         1    ##.....
 Apportation              Tloc           #.....       50%         1    ##.....
 Beastly Appendage        Tmut           #.....       50%         1    ##.....
 Corona                   Hex            #......      50%         1    ##.....
 Foxfire                  Conj/Fire      #...         50%         1    ##.....
 Summon Small Mammal      Summ           #...         50%         1    ##.....
 Sticks to Snakes         Tmut           #.......     65%         2    ###....
 Confusing Touch          Hex            #.......     86%         3    ####...
 Conjure Flame            Conj/Fire      #.......     86%         3    ####...
 Gell's Gravitas          Tloc           #.........   86%         3    ####...
 Inner Flame              Hex/Fire       #.......     86%         3    ####...
 Spider Form              Tmut/Pois      #.........   86%         3    ####...
 Ice Form                 Ice/Tmut       #.......     99%         4    #####..
 Petrify                  Tmut/Erth      #.......     99%         4    #####..
 Sticky Flame             Conj/Fire      #.......     99%         4    #####..
 Blade Hands              Tmut           #.........   100%        5    ######.
 Fireball                 Conj/Fire      #.........   100%        5    ######.
 Metabolic Englaciation   Hex/Ice        #.........   100%        5    ######.
 Yara's Violent Unravell  Hex/Tmut       #.........   100%        5    ######.


Dungeon Overview and Level Annotations

Branches:
Dungeon (12/15)            Temple (1/1) D:7            Lair (6/6) D:8
 Shoals (0/4) Lair:3        Snake (0/4) Lair:2          Orc (0/2) D:10
Volcano (visited)
  Slime: Lair:5-6

Altars:
Ashenzari
Cheibriados
Dithmenos
Elyvilon
Fedhas
Gozag
Hepliaklqana
Kikubaaqudgha
Makhleb
Nemelex Xobeh
Okawaru
Qazlal
Ru
Sif Muna
Trog
Uskayaw
Vehumet
Wu Jian
Xom
Yredelemnul
Zin
The Shining One
Beogh
Jiyva

Shops:
D:4 %(=   D:11 (}

Annotations:
D:10 2 runed translucent doors, exclusion: orange crystal statue
Lair:5 3 runed translucent doors, exclusion: 3 oklob plants, Vabeppot's ghost, journeyman DrGl


Innate Abilities, Weirdness & Mutations

You have sharp fingernails.
You are agile. (Dex +2)
You expend magic power (3 MP) to strengthen your wands.


Message History

You block the blink frog's attack. The blink frog hits you.
* * * LOW HITPOINT WARNING * * *
You lop one of the two-headed hydra's heads off!
The flame cauterises the wound!
You carve the one-headed hydra like a ham!!!
You burn the one-headed hydra.
You kill the one-headed hydra!
Qazlal accepts your kill.
You miss the blink frog. You closely miss the blink frog.
The blink frog hits you!
* * * LOW HITPOINT WARNING * * *
The blink frog hits you.
* * * LOW HITPOINT WARNING * * *
The blink frog blinks!
You slice the blink frog!! You burn the blink frog!
You kill the blink frog!
Qazlal accepts your kill.
Your Invocations skill increases to level 15!
You closely miss the blink frog. The blink frog hits you!
You die...

.... ... .....[. ..
....... .. ...... .
......
#.#.###.#...##
#.....#○...P#♣♣
.######@†....#.♣♣
......F§....P...♣P
.................♣♣
......†.F.........♣
..........$........
#.................P
#................P#
..P..............#
...........<...#.#


You could see 2 blink frogs.

Vanquished Creatures
  Gastronok (D:11)
  Fannar (Lair:2)
  Harold (D:9)
  5 hydras
  A dancing weapon (Volcano)
  2 two-headed ogres
  5 wizards (Volcano)
  A cyclops (D:11)
  5 toenail golems (Volcano)
  A manticore (Lair:3)
  6 elephants (Lair:2)
  4 black mambas (Lair:4)
  A guardian serpent (Lair:2)
  A torpor snail (Lair:5)
  3 komodo dragons
  7 spiny frogs
  A polar bear (Lair:2)
  3 hornets
  4 blink frogs
  7 hippogriffs
  17 yaks
  2 basilisks
  2 wyverns (Lair:3)
  A hungry ghost (D:10)
  15 water moccasins
  8 porcupines
  2 black bears
  5 orc warriors
  An ice beast (D:7)
  2 phantoms (D:6)
  2 sky beasts
  A necrophage (D:11)
  3 centaurs
  4 ogres
  11 crocodiles
  2 big kobolds
  11 bullfrogs
  A gnoll sergeant (D:8)
  A wyvern skeleton (D:11)
  4 scorpions
  13 wights
  5 howler monkeys
  5 crimson imps
  2 centaur zombies
  A bullfrog zombie (D:10)
  8 hounds
  A quasit (D:6)
  5 jellies
  2 bullfrog skeletons
  4 orc priests
  2 orc wizards (D:5)
  2 centaur skeletons (D:11)
  2 iguanas
  6 worker ants
  A hound skeleton (D:7)
  10 adders
  4 gnolls (D:8)
  5 shadow imps
  2 worms
  An adder skeleton (D:10)
  7 dart slugs
  7 leopard geckos
  33 orcs
  7 bats
  5 giant cockroaches
  4 goblins
  10 hobgoblins
  6 jackals
  4 quokkas
  4 frilled lizards
  A jackal zombie (D:2)
  16 kobolds
  3 rats
  A fungus (Lair:1)
344 creatures vanquished.

Vanquished Creatures (others)
  A fungus (Lair:5)
  3 plants
4 creatures vanquished.

Grand Total: 348 creatures vanquished

Notes
Turn   | Place    | Note
-------+----------+-------------------------------------------
     0 | D:1      | kae the Hill Orc Fighter began the quest for the Orb.
     0 | D:1      | Reached XP level 1. HP: 19/19 MP: 1/1
    33 | D:1      | Reached skill level 3 in Axes
   192 | D:1      | Reached XP level 2. HP: 27/27 MP: 2/2
   370 | D:1      | Reached skill level 4 in Axes
   427 | D:1      | Reached XP level 3. HP: 33/33 MP: 3/3
  1198 | D:2      | Reached XP level 4. HP: 39/41 MP: 4/4
  1724 | D:3      | Reached skill level 5 in Axes
  2342 | D:3      | Reached XP level 5. HP: 37/47 MP: 5/5
  2604 | D:4      | Reached skill level 5 in Fighting
  2604 | D:4      | Reached skill level 6 in Axes
  2882 | D:4      | Found Zumifor's Weapon Shop.
  2923 | D:4      | Found Ymonaase's Jewellery Boutique.
  2931 | D:4      | Bought a cursed amulet of inaccuracy for 20 gold pieces
  3280 | D:4      | Reached XP level 6. HP: 56/56 MP: 6/6
  3338 | D:4      | Found Nouxeol's Food Shoppe.
  3571 | D:5      | Entered Level 5 of the Dungeon
  3876 | D:5      | Reached skill level 7 in Axes
  4491 | D:5      | Noticed a sky beast
  4519 | D:5      | Killed a sky beast
  4519 | D:5      | Reached skill level 8 in Axes
  4519 | D:5      | Reached XP level 7. HP: 4/63 MP: 7/7
  4952 | D:5      | Found a sacrificial altar of Ru.
  5114 | D:6      | Reached skill level 9 in Axes
  5567 | D:6      | Reached XP level 8. HP: 68/73 MP: 8/8
  5641 | D:6      | Reached skill level 10 in Axes
  6078 | D:6      | Reached skill level 11 in Axes
  6621 | D:7      | Reached XP level 9. HP: 29/82 MP: 9/9
  6630 | D:7      | Reached skill level 12 in Axes
  6640 | D:7      | Gained mutation: You are agile. (Dex +2) [potion of
                  | mutation]
  6640 | D:7      | Gained mutation: You have sharp fingernails. [potion of
                  | mutation]
  6640 | D:7      | Gained mutation: You expend magic power (3 MP) to
                  | strengthen your wands. [potion of mutation]
  7087 | D:7      | Found a staircase to the Ecumenical Temple.
  8046 | D:4      | Bought a +3 battleaxe of flaming for 315 gold pieces
  8168 | D:8      | Found a staircase to the Lair.
  8182 | D:8      | Reached skill level 13 in Axes
  8196 | D:8      | Found a sparkling altar of Nemelex Xobeh.
  9334 | D:8      | Reached skill level 10 in Fighting
  9344 | D:8      | Reached skill level 14 in Axes
  9611 | D:8      | Got a faintly humming ring mail
  9622 | D:8      | Identified the +7 ring mail of Ymimaq {-Tele +Fly rPois
                  | Str+2} (You found it on level 8 of the Dungeon)
  9652 | D:9      | Noticed a hornet
  9661 | D:9      | Killed a hornet
  9661 | D:9      | Reached XP level 10. HP: 60/93 MP: 10/10
  9823 | D:9      | Noticed Harold
  9833 | D:9      | Killed Harold
  9833 | D:9      | Reached skill level 15 in Axes
 10450 | D:10     | Entered Level 10 of the Dungeon
 10450 | D:10     | Noticed a six-headed hydra
 10457 | D:10     | Killed a two-headed hydra
 10748 | D:10     | Found a runed translucent door.
 10765 | D:10     | Found the +10 tower shield of Ignorance {rN+ Int-4}
 10782 | D:10     | Noticed a two-headed ogre
 10790 | D:10     | Killed a two-headed ogre
 10790 | D:10     | Reached skill level 16 in Axes
 10896 | D:10     | Found a staircase to the Orcish Mines.
 11025 | D:10     | Found a runed translucent door.
 11025 | D:10     | Noticed an orange crystal statue
 11240 | D:10     | Found a roughly hewn altar of Beogh.
 11244 | D:10     | Reached XP level 11. HP: 91/104 MP: 11/11
 11570 | D:11     | Noticed a two-headed ogre
 11577 | D:11     | Killed a two-headed ogre
 11671 | D:11     | Noticed a cyclops
 11679 | D:11     | Killed a cyclops
 11679 | D:11     | Reached skill level 17 in Axes
 11757 | D:11     | Found Timnoeg's Gadget Boutique.
 11977 | D:11     | Found Wemm's Weapon Boutique.
 12191 | D:11     | Noticed Gastronok
 12200 | D:11     | Killed Gastronok
 12200 | D:11     | Reached skill level 18 in Axes
 12755 | Temple   | Entered the Ecumenical Temple
 12854 | Temple   | Became a worshipper of Qazlal Stormbringer
 12992 | Lair:1   | Entered Level 1 of the Lair of Beasts
 13227 | Lair:1   | You fall into a shaft and drop 1 floor!
 13228 | Lair:2   | Noticed a seven-headed hydra
 13241 | Lair:2   | Killed a four-headed hydra
 13241 | Lair:2   | Reached XP level 12. HP: 46/115 MP: 12/12
 13244 | Lair:2   | Reached skill level 19 in Axes
 13646 | Lair:2   | Noticed Fannar
 13662 | Lair:2   | Killed Fannar
 14026 | Lair:2   | Found a staircase to the Snake Pit.
 14336 | Lair:2   | Reached skill level 20 in Axes
 14336 | Lair:2   | Reached skill level 1 in Invocations
 14844 | Lair:1   | Noticed a seven-headed hydra
 14850 | Lair:1   | Killed a five-headed hydra
 14850 | Lair:1   | Reached skill level 5 in Invocations
 15571 | Lair:3   | Reached * piety under Qazlal
 15661 | Lair:3   | Noticed an eight-headed hydra
 15665 | Lair:3   | Killed a five-headed hydra
 15798 | Lair:3   | Found a dark tunnel.
 15985 | Lair:3   | Found a staircase to the Shoals.
 16066 | Lair:3   | Reached XP level 13. HP: 96/122 MP: 20/20
 16067 | Lair:3   | Reached skill level 10 in Invocations
 16273 | Volcano  | Entered a volcano
 16897 | Volcano  | Reached ** piety under Qazlal
 19385 | Lair:5   | Found a runed translucent gate.
 19386 | Lair:5   | Found a runed translucent gate.
 19387 | Lair:5   | Found a runed translucent gate.
 19388 | Lair:5   | Noticed a death ooze
 19389 | Lair:5   | Found a viscous altar of Jiyva.
 19389 | Lair:5   | Noticed Vabeppot's ghost (journeyman DrGl)
 19389 | Lair:5   | Noticed a death ooze
 19623 | Lair:6   | Entered Level 6 of the Lair of Beasts
 19649 | Lair:6   | HP: 4/122 [blink frog (3)]
 19650 | Lair:6   | Reached skill level 15 in Invocations
 19650 | Lair:6   | Mangled by a blink frog

Illustrated notes

Levels and vault maps discovered:
D:1:      erik_arrival_orb_chamber, layout_basic, kennysheep_pointless_box
D:2:      layout_loops_ring, first_ration, minivault_27, grunt_decor_one_mirror
D:3:      minmay_angry_zag, layout_rooms, serial_glass, glass_columns_a,
          glass_columns_a, glass_columns_a, glass_columns_a, glass_columns_a,
          glass_columns_b, eino_tiny_chamber
D:4:      layout_layer_cave, serial_shops,
          nicolae_shop_temple_entry_statues_fountains, kennysheep_mini, shop
D:5:      layout_loops_corners, nicolae_ru_path_of_blood
D:6:      cheibrodos_thug_alley, layout_basic, grunt_ministairs_7,
          kennysheep_boxes
D:7:      layout_basic, minmay_temple_entry_overgrown, minmay_alternating_orb
D:8:      minmay_octagon_keep, layout_basic, lair_entry_dummy,
          blue_anna_alchemist [blue_anna_fruit_fields, blue_anna_fruit_fields],
          nemelex_spade_bored_becter
D:9:      layout_cave_pools, minmay_variable_closet, uniq_harold
D:10:     layout_rooms, minmay_orc_entry_temple_small,
          chequers_guarded_unrand_ignorance
D:11:     layout_irregular_city, serial_shops, nicolae_shop_stone,
          nicolae_shop_behind_doors, minmay_strange_pillars, uniq_gastronok
D:12:     layout_roguey, chequers_serial_rivers_room_b
Temple:   nicolae_temple_the_god_donut
Lair:1:   layout_loops_ring
Lair:2:   layout_misc_corridors, minmay_snake_entry_spellcaster, serial_forest,
          infiniplex_forest_clump_long, infiniplex_forest_straight_3,
          infiniplex_forest_clump_tiny, infiniplex_forest_clump_tiny,
          infiniplex_forest_end_2, infiniplex_forest_end_2,
          serial_bayou_shore_b, grunt_megastairs_4, uniq_fannar
Lair:3:   layout_layer_cave, minmay_shoals_entry_beasts,
          nicolae_volcano_entry_two_sided, st_stairs_4,
          infiniplex_staircase_pool_2, lemuel_fruit_tree
Lair:4:   beast_lair_carwin_large_3, layout_layer_cave, lemuel_fruit_fields
Lair:5:   layout_regular_city, minmay_slime_entry_oklob_open,
          gammafunk_ghost_ooze, minivault_27
Lair:6:   wormcave, layout_hall_layers, guppyfry_lair_end_dragon, basic_altar,
          serial_bayou_ford_a, serial_bayou_shore_a, grunt_megastairs_1

Skill      XL: |  1  2  3  4  5  6  7  8  9 10 11 12 13 |
---------------+----------------------------------------+-----
Axes           | 3 4 5 6 8 9 11 14 16 18 20 | 20.0
Fighting       | 4 5 6 7 8 10 11 13 | 13.0
Invocations    | 9 15 | 15.0
Armour         | |  3.2
Shields        | |  3.2

Action                   |  1- 3 |  4- 6 |  7- 9 | 10-12 | 13-15 || total
-------------------------+-------+-------+-------+-------+-------++-------
Melee: War axe           |   112 |   176 |   195 |       |       ||   483
       Battleaxe         |       |       |    68 |   300 |   132 ||   500
Evoke: Wand              |       |       |     1 |       |       ||     1
  Use: Scroll            |       |     6 |     8 |     4 |     5 ||    23
       Potion            |       |       |     8 |     1 |       ||     9
 Stab: Invisible         |       |       |     2 |       |       ||     2
  Eat: Chunk             |       |    12 |    15 |    13 |     7 ||    47
       Ration            |       |       |       |     3 |     1 ||     4
Armor: Scale mail        |    57 |    80 |    97 |       |       ||   234
       Ring mail         |       |       |     4 |   138 |    50 ||   192
Dodge: Dodged            |    34 |    38 |    91 |   130 |    42 ||   335
Block: Kite shield       |    62 |    77 |    85 |       |       ||   224
       Other             |       |       |       |       |    10 ||    10

Table legend:
 A = Non-vault XP
 B = Vault XP
 C = Vault XP percentage of total XP
 D = Non-vault monster count
 E = Vault monster count
 F = Vault count percentage of total count
                 A         B        C        D         E       F
            +---------+---------+-------+---------+---------+-------
      Total |   29328 |   20088 |  40.7 |     265 |      78 |  22.7
            +---------+---------+-------+---------+---------+-------
        D:1 |      42 |       0 |   0.0 |      22 |       0 |   0.0
        D:2 |      53 |       0 |   0.0 |      16 |       0 |   0.0
        D:3 |      64 |      25 |  28.1 |      16 |       4 |  20.0
        D:4 |     137 |       0 |   0.0 |       7 |       0 |   0.0
        D:5 |     299 |       0 |   0.0 |      19 |       0 |   0.0
        D:6 |    1272 |     233 |  15.5 |      24 |       8 |  25.0
        D:7 |     520 |     788 |  60.2 |      15 |      11 |  42.3
        D:8 |     743 |     402 |  35.1 |      24 |       8 |  25.0
        D:9 |    1202 |    1018 |  45.9 |      12 |       1 |   7.7
       D:10 |    2408 |     630 |  20.7 |      10 |      10 |  50.0
       D:11 |    4265 |    2380 |  35.8 |      26 |       1 |   3.7
       D:12 |      40 |       0 |   0.0 |       1 |       0 |   0.0
     Lair:1 |    3043 |       0 |   0.0 |      14 |       0 |   0.0
     Lair:2 |    5675 |    1839 |  24.5 |      16 |       3 |  15.8
     Lair:3 |    4756 |    1080 |  18.5 |      22 |       4 |  15.4
     Lair:4 |    1131 |    3162 |  73.7 |       4 |      13 |  76.5
     Lair:5 |    3219 |       0 |   0.0 |      14 |       0 |   0.0
     Lair:6 |     459 |    1750 |  79.2 |       3 |       4 |  57.1
    Volcano |       0 |    6781 | 100.0 |       0 |      11 | 100.0
            +---------+---------+-------+---------+---------+-------
